 Dungeon Crawl Stone Soup version 0.18.1-8-gdd0e5ea (webtiles) character file.

51 LORDOFBUTT the Skirmisher (level 3, -3/34 HPs)
             Began as a Minotaur Chaos Knight on May 24, 2016.
             Slain by Sigmund
             ... wielding a +0 scythe
              (4 damage)
             ... on level 2 of the Dungeon.
             The game lasted 00:00:58 (734 turns).

LORDOFBUTT the Skirmisher (Minotaur Chaos Knight)    Turns: 734, Time: 00:00:59

Health: -3/34      AC:  5    Str: 16    XL:     3   Next: 58%
Magic:  2/2        EV: 12    Int:  9    God:    Xom [..*...]
Gold:   102        SH:  0    Dex: 10    Spells: 0 memorised, 2 levels left

rFire  . . .     SeeInvis .     a - +0 mace (chaos)
rCold  . . .     Gourm    .     b - +2 leather armour
rNeg   . . .     Faith    .     (no shield)
rPois  +         Spirit   .     (helmet restricted)
rElec  .         Dismiss  .     (no cloak)
rCorr  .         Reflect  .     (no gloves)
SustAt .         Harm     .     (no boots)
MR     .....                    (no amulet)
Stlth  +.........               (no ring)
                                n - ring of poison resistance

@: not resistant to hostile enchantments, very unstealthy
A: retaliatory headbutt, horns 2
a: Renounce Religion


You were on level 2 of the Dungeon.
You worshipped Xom.
You were a toy of Xom.
You were not hungry.

You visited 1 branch of the dungeon, and saw 2 of its levels.

You collected 102 gold pieces.

Inventory:

Hand Weapons
 a - a +0 mace of chaos (weapon)
Armour
 b - a +2 leather armour (worn)
Jewellery
 n - a ring of poison resistance (left hand)
Wands
 o - a wand of slowing (29/48)
Scrolls
 d - a scroll of random uselessness {unknown}
 e - a scroll of identify {unknown}
 g - a scroll of enchant weapon {unknown}
 h - a scroll of teleportation {unknown}
 i - 3 scrolls of remove curse {unknown}
 l - 2 scrolls of immolation {unknown}
 m - a scroll of fog {unknown}
Potions
 f - a potion of berserk rage {unknown}
 j - 2 potions of curing {unknown}
Comestibles
 c - a bread ration
 k - a meat ration


   Skills:
 + Level 4.6 Fighting
 + Level 4.1 Maces & Flails
 + Level 2.6 Armour
 + Level 2.1 Dodging
 + Level 0.1 Stealth


You had 2 spell levels left.
You didn't know any spells.

Dungeon Overview and Level Annotations

Branches:
Dungeon (2/15)

Altars:

Annotations:
D:2 Sigmund


Innate Abilities, Weirdness & Mutations

You reflexively headbutt those who attack you in melee.
You have a pair of horns on your head.


Message History

Sigmund gestures wildly while chanting.
Sigmund flickers and vanishes!
Deactivating autopickup; reactivate with Ctrl-A.
No target in view!
No target in view!
No target in view!
No target in view!
There is a strange disturbance nearby!
Something hits you!
You miss something. You barely miss something. Something hits you!
You miss something. Something hits you!
* * * LOW HITPOINT WARNING * * *
You hit something. Something hits you but does no damage.
You hear some strange, mumbled words.
Something tries to affect you, but you resist.
Something hits you.
* * * LOW HITPOINT WARNING * * *
Something hits you.
You die...

.........## # ##.
....##.#.# .###.## ###
#.#.# .#...## ....#.#.##
......###.#.....#..
#.........#..#.#.##
#%#........ #.#.##
###.#.....# #.#.#...
#...@.....# #.......
####.##......####.#.####
.............##.........
####.##.#######.#.#.###.
# #.#######.#.#.###.
#.........#.#.....
########.<#.#รท....
#..#.<...(. #..........


There were no monsters in sight!

Vanquished Creatures
  A dart slug (D:1)
  A giant gecko (D:2)
  6 bats
  7 goblins
  6 hobgoblins
  8 jackals
  A quokka (D:2)
  A giant newt (D:2)
  7 kobolds
  4 rats
42 creatures vanquished.

Notes
Turn   | Place    | Note
--------------------------------------------------------------
     0 | D:1      | LORDOFBUTT the Minotaur Chaos Knight began the quest for the Orb.
     0 | D:1      | Reached XP level 1. HP: 19/19 MP: 0/0
   101 | D:1      | Reached XP level 2. HP: 20/27 MP: 1/1
   476 | D:2      | Reached XP level 3. HP: 34/34 MP: 2/2
   721 | D:2      | Noticed Sigmund
   733 | D:2      | HP: 1/34 [something (4)]
   734 | D:2      | Slain by Sigmund

Skill      XL: |  1  2  3 |
---------------+----------+-----
Fighting       | 4 |  4.6
Maces & Flails | 4 |  4.1
Dodging        | 2 |  2.1
Armour         | |  2.6
Stealth        | |  0.1

Action                   || total
-------------------------++-------
Melee: Mace              ||    78
       Headbutt          ||     9
 Stab: Paralysed         ||     1
Armor: Leather armour    ||    40
Dodge: Dodged            ||    67
